 Dungeon Crawl Stone Soup version 0.20.1-1-g8b1a95d66d (webtiles) character file.

200 Gargoyl the Skirmisher (level 5, -1/46 HPs)
             Began as a Centaur Abyssal Knight on Jan 3, 2018.
             Was a Priest of Lugonu.
             Slain by Edmund
             ... wielding a +4 dire flail of protection
              (3 damage)
             ... on level 4 of the Dungeon.
             The game lasted 00:05:59 (3244 turns).

Gargoyl the Skirmisher (Centaur Abyssal Knight)     Turns: 3244, Time: 00:05:59

Health: -1/46      AC: 11    Str: 15    XL:     5   Next: 49%
Magic:  6/6        EV:  2    Int: 11    God:    Lugonu [***...]
Gold:   104        SH:  0    Dex:  9    Spells: 4/4 levels left

rFire    + . .     SeeInvis .   p - +0 war axe
rCold    + . .     Gourm    .   (no shield)
rNeg     . . .     Faith    .   e - +0 plate armour {rC+}
rPois    .         Spirit   .   b - +0 helmet
rElec    .         Reflect  .   (no cloak)
rCorr    .         Harm     .   (no gloves)
MR       .....                  (no barding)
Stlth    ..........             (no amulet)
Regen    0.2/turn               o - ring of protection from fire
MPRegen  0.1/turn               (no ring)

@: very quick
A: hooves 3, rugged brown scales 1, deformed body, speed 2, low mp 1, tough skin
3
a: Depart the Abyss, Bend Space, Banish, Renounce Religion


You were on level 4 of the Dungeon.
You worshipped Lugonu.
Lugonu was most pleased with you.
You were not hungry.

You visited 1 branch of the dungeon, and saw 4 of its levels.
You visited the Abyss 1 time.

You collected 104 gold pieces.

Inventory:

Hand Weapons
 a - a +2 hand axe
 p - a +0 war axe (weapon)
Armour
 b - a +0 helmet (worn)
 e - a +0 plate armour of cold resistance (worn)
Jewellery
 o - a ring of protection from fire (left hand)
Scrolls
 d - 5 scrolls of remove curse
 f - 2 scrolls of identify
 j - 3 scrolls of amnesia
 q - a scroll of teleportation
Potions
 l - a potion of haste
 m - a potion of magic
 n - a potion of brilliance
 r - a potion of heal wounds
Comestibles
 c - 2 bread rations
 g - 4 fruits
 h - 3 meat rations
 i - 2 royal jellies


   Skills:
 + Level 3.6 Fighting
 + Level 3.4 Axes
 * Level 2.7 Armour
 + Level 0.6 Dodging
 * Level 2.8 Invocations


You had 4 spell levels left.
You didn't know any spells.

Dungeon Overview and Level Annotations

Branches:
Dungeon (4/15)
 Temple: D:4-7

Altars:
Nemelex Xobeh
The Shining One

Annotations:
D:4 Edmund


Innate Abilities, Weirdness & Mutations

You have hooves in place of feet.
Armour fits poorly on your strangely shaped body.
You cover ground very quickly.
You have extremely tough skin. (AC +3)
You are partially covered in rugged brown scales. (AC +1, +3% HP)
Your magical capacity is low. (-10% MP)


Message History

Edmund the Younger comes into view.
He is wielding a dire flail of protection.
Edmund hits you with a dire flail of protection!
Your plate armour prevents you from hitting Edmund.
Edmund hits you with a dire flail of protection!
You hit Edmund. Your kick misses Edmund.
Edmund is lightly wounded.
Edmund completely misses you.
You hit Edmund.
Edmund is lightly wounded.
Edmund hits you with a dire flail of protection!
* * * LOW HITPOINT WARNING * * *
Edmund hits you with a dire flail of protection!
* * * LOW HITPOINT WARNING * * *
You hit Edmund but do no damage.
Edmund is lightly wounded.
Edmund hits you but does no damage.
You hit Edmund but do no damage.
Edmund is lightly wounded.
Edmund hits you with a dire flail of protection.
You die...

.. #...#.....#
♣#.#♣#.#♣#....#
...#...#.....#
#...#...#...#
♣#.#♣#.#♣#...
#...#...# ...
...#...#......
♣#.#♣#.#♣#.....
.. #@..# ..###
#.@.#....##
♣#.#♣#..## ..
..# ... .##
#### #


You could see Edmund.

Vanquished Creatures
  2 orc wizards (D:3)
  4 adders
  2 worms
  2 dart slugs
  4 leopard geckos
  13 orcs (D:3)
  2 ball pythons
  8 bats
  5 giant cockroaches
  8 goblins
  8 hobgoblins
  12 kobolds
  5 frilled lizards
  8 rats
83 creatures vanquished.

Notes
Turn   | Place    | Note
-------+----------+-------------------------------------------
     0 | Abyss:1  | Gargoyl the Centaur Abyssal Knight began the quest for the Orb.
     0 | Abyss:1  | Reached XP level 1. HP: 19/19 MP: 2/2
    61 | Abyss:2  | Noticed a small abomination
    61 | D:1      | Escaped the Abyss
   196 | D:1      | Reached XP level 2. HP: 24/26 MP: 3/3
   198 | D:1      | Reached * piety under Lugonu
   606 | D:1      | Found a sparkling altar of Nemelex Xobeh.
   657 | D:1      | Reached XP level 3. HP: 28/31 MP: 4/4
   925 | D:2      | Reached ** piety under Lugonu
  1467 | D:3      | Reached XP level 4. HP: 35/38 MP: 5/5
  1744 | D:3      | Reached XP level 5. HP: 29/45 MP: 6/6
  2097 | D:3      | Found a glowing golden altar of the Shining One.
  2122 | D:3      | Noticed an ogre
  2334 | D:2      | Gained mutation: You do not regenerate when monsters are visible. [potion of mutation]
  2334 | D:2      | Gained mutation: You can translocate small distances at will. [potion of mutation]
  2334 | D:2      | Gained mutation: You have an increased reservoir of magic. (+10% MP) [potion of mutation]
  2584 | D:3      | Reached *** piety under Lugonu
  3161 | D:4      | Lost mutation: You have an increased reservoir of magic. (+10% MP) [potion of mutation]
  3161 | D:4      | Lost mutation: You do not regenerate when monsters are visible. [potion of mutation]
  3161 | D:4      | Lost mutation: You can translocate small distances at will. [potion of mutation]
  3161 | D:4      | Gained mutation: Your magical capacity is low. (-10% MP) [potion of mutation]
  3161 | D:4      | Gained mutation: You are partially covered in rugged brown scales. (AC +1, +3% HP) [potion of mutation]
  3235 | D:4      | Noticed Edmund
  3242 | D:4      | HP: 2/46 [Edmund/dire flail of protection (11)]
  3244 | D:4      | Slain by Edmund

Skill      XL: |  1  2  3  4 |
---------------+-------------+-----
Axes           | 2 3 |  3.4
Armour         | 2 |  2.7
Fighting       | |  3.6
Dodging        | |  0.6
Invocations    | |  2.8

Action                   |  1- 3 |  4- 6 || total
-------------------------+-------+-------++-------
Melee: Hand axe          |   133 |    48 ||   181
       Kick              |    14 |    27 ||    41
       War axe           |       |    86 ||    86
Invok: Depart the Abyss  |     1 |       ||     1
  Use: Scroll            |     6 |     6 ||    12
       Potion            |       |     2 ||     2
  Eat: Chunk             |     1 |     5 ||     6
Armor: Plate armour      |   129 |   107 ||   236
Dodge: Dodged            |    15 |    21 ||    36
